 Dungeon Crawl Stone Soup version 0.32-a0-422-g28b100f618 (webtiles) character file.

Game seed: 10639764512285525395

395 retardedninja the Shield-Bearer (level 6, -8/55 HPs)
             Began as a Mountain Dwarf Fighter on Feb 20, 2024.
             Killed by psychic fangs
             ... invoked by a brain worm
              (10 damage)
             ... in a sewer on Feb 21, 2024.
             The game lasted 00:05:18 (3046 turns).

retardedninja the Shield-Bearer (MDFi)              Turns: 3046, Time: 00:05:19

Health: -8/55      AC:  7    Str: 20    XL:     6   Next: 52%
Magic:  1/6        EV:  9    Int:  9    God:
Gold:   181        SH:  4    Dex:  9    Spells: 5/5 levels left

rFire   . . .        a - +0 war axe {ligma}
rCold   . . .        c - +0 buckler
rNeg    . . .        b - +0 scale mail
rPois   .            (no helmet)
rElec   .            (no cloak)
rCorr   .            (no gloves)
SInv    .            (no boots)
Will    .....        (no amulet) Stlth
                     (no ring)
HPRegen 0.29/turn    (no ring)
MPRegen 0.10/turn

%: no passive effects
@: very slow
A: runic magic, artefact enchanting
a: no special abilities


You were in a sewer.
You visited 1 branch of the dungeon, and saw 4 of its levels.
You also visited: Sewer.

You collected 181 gold pieces.

Inventory:

Hand Weapons
 a - a +0 war axe (weapon) {ligma}
Armour
 b - a +0 scale mail (worn)
 c - a +0 buckler (worn)
 k - a +0 cloak
Scrolls
 f - 2 scrolls of immolation {unknown}
 h - a scroll of identify {unknown}
 j - a scroll of enchant weapon {unknown}
 m - a scroll of vulnerability {unknown}
 n - 2 scrolls of blinking {unknown}
 s - a scroll of teleportation {unknown}
 t - a scroll of amnesia {unknown}
 u - a scroll of revelation {unknown}
Potions
 d - 2 potions of might
 e - 2 potions of haste {unknown}
 g - a potion of resistance {unknown}
 i - a potion of heal wounds
 l - a potion of attraction {unknown}
 o - 2 potions of brilliance {unknown}
 p - a potion of curing {unknown}
 q - a potion of enlightenment {unknown}
 r - 2 potions of invisibility {unknown}
 v - a potion of magic {unknown}


   Skills:
 + Level 4.9 Fighting
 + Level 4.7 Axes
 + Level 4.9 Armour
 + Level 4.9 Shields


You had 5 spell levels left.
You didn't know any spells.
Your spell library contained the following spells:

 Spells                   Type           Power      Damage    Failure   Level
 Ozocubu's Armour         Ice            0%         N/A       88%         3
 Tukima's Dance           Hex            0%         N/A       88%         3
 Passage of Golubria      Tloc           0%         N/A       99%         4
 Metabolic Englaciation   Hex/Ice        0%         N/A       100%        5
 Yara's Violent Unravell  Hex/Alch       0%         3d3       100%        5
 Sculpt Simulacrum        Ice/Alch       0%         N/A       100%        6


Dungeon Overview and Level Annotations

Branches:
Dungeon (4/15)              Sewer (1/1)
 Temple: D:4-7

Altars:
The Shining One

Annotations:
D:3 3 runed translucent doors, lunkers's ghost, amateur CoWn


Innate Abilities, Weirdness & Mutations

Your spellcasting is much less encumbered by armour.
You can use scrolls of enchantment on lesser artefacts.


Message History

You hit the brain worm.
The brain worm is severely wounded.
The brain worm barely misses you.
Your unstable footing causes you to fumble your attack.
You block the brain worm's attack.
The brain worm splashes around in the water.
You hit the brain worm.
The brain worm is severely wounded.
The brain worm splashes around in the water.
Your unstable footing causes you to fumble your attack.
The brain worm bites you.
Your unstable footing causes you to fumble your attack.
The brain worm barely misses you.
You barely miss the brain worm.
The brain worm is heavily wounded.
Something gnaws on your mind!
You feel your power leaking away. The brain worm bites you.
You slash the brain worm!
The brain worm is almost dead.
Something gnaws on your mind!
* * * LOW HITPOINT WARNING * * *
You feel your power leaking away.
Your unstable footing causes you to fumble your attack.
The brain worm splashes around in the water.
Your unstable footing causes you to fumble your attack.
The brain worm splashes around in the water.
Something gnaws on your mind!
* * * LOW HITPOINT WARNING * * *
You feel your power leaking away.
Your unstable footing causes you to fumble your attack.
Something gnaws heavily on your mind!
* * * LOW HITPOINT WARNING * * *
You feel your power leaking away.
You hit the brain worm.
The brain worm is almost dead.
The brain worm splashes around in the water.
Your unstable footing causes you to fumble your attack.
Something gnaws heavily on your mind!
You die...

##~~ ##÷# ####~#~
##~###~# ##~#~#~~~
##~#~#~### #~#####~#
#####################.##
.~..~~w@~~..~~...~....~~
....~~~.~~~~~~...~.÷~...
########################
#~# #~# #~ # ### # #~###


You could see a brain worm.

Vanquished Creatures
  An ice beast (D:3)
  A brain worm (Sewer)
  A bombardier beetle (D:4)
  An iguana (D:4)
  Terence (D:2)
  5 adders
  2 dart slugs (D:2)
  A ribbon worm (D:4)
  An orc (D:3)
  2 endoplasms
  2 giant cockroaches (D:4)
  7 goblins
  4 hobgoblins
  6 kobolds
  4 quokkas
  7 ball pythons
  9 bats
  6 frilled lizards
  3 rats
64 creatures vanquished.

Notes
Turn   | Place    | Note
-------+----------+-------------------------------------------
     0 | D:1      | retardedninja the Mountain Dwarf Fighter began the quest
                  | for the Orb.
     0 | D:1      | Reached XP level 1. HP: 19/19 MP: 1/1
   124 | D:1      | Reached XP level 2. HP: 23/26 MP: 2/2
   473 | D:1      | Found a faded altar of an unknown god.
   595 | D:2      | Reached XP level 3. HP: 33/33 MP: 3/3
   754 | D:2      | Noticed Terence
   765 | D:2      | Killed Terence
   766 | D:2      | Reached XP level 4. HP: 19/40 MP: 4/4
  1159 | D:2      | Upgraded the game from 0.32-a0-411-g744942f433 to
                  | 0.32-a0-422-g28b100f618
  1488 | D:3      | Found a runed translucent gate.
  1490 | D:3      | Found a runed translucent gate.
  1491 | D:3      | Noticed a kobold brigand
  1495 | D:3      | Noticed lunkers's ghost (amateur CoWn)
  1617 | D:3      | Found a glowing golden altar of the Shining One.
  1737 | D:3      | Noticed an ice beast
  1749 | D:3      | Killed an ice beast
  1750 | D:3      | Reached XP level 5. HP: 7/47 MP: 5/5
  2146 | D:3      | Found a runed translucent gate.
  2509 | D:4      | Reached XP level 6. HP: 7/53 MP: 6/6
  2560 | D:4      | Found a glowing drain.
  2564 | Sewer    | Entered a sewer
  3044 | Sewer    | HP: 1/55 [brain worm/psychic fangs (10)]
  3046 | Sewer    | Killed from afar by a brain worm

Illustrated notes

Levels and vault maps discovered:
D:1:      dpeg_arrival_stonehenge_8_columns, layout_basic,
          basic_ecumenical_altar, minmay_pentomino_u2
D:2:      layout_basic, reono_crystal_passage, uniq_terence
D:3:      layout_basic, nicolae_tso_carved_into_rock,
          gammafunk_ghost_nasty_kobolds
D:4:      layout_basic, lemuel_tele_altar, gup_sewer_entry_bowl, uniq_edmund
Sewer:    sewer_co_cracked_pipes

Skill      XL: |  1  2  3  4 |
---------------+-------------+-----
Axes           | 3 4 |  4.7
Armour         | 4 |  4.9
Fighting       | 4 |  4.9
Shields        | 4 |  4.9

Action                     |  1- 3 |  4- 6 || total
---------------------------+-------+-------++-------
  Melee: War axe           |    65 |   203 ||   268
    Use: Potion            |       |     2 ||     2
 Armour: Scale mail        |    48 |   141 ||   189
  Dodge: Dodged            |    34 |    94 ||   128
  Block: Buckler           |    10 |    51 ||    61

Table legend: (Time is in decaauts)
 A = Elapsed time spent in this place.
 B = Non-inter-level travel time spent in this place.
 C = Inter-level travel time spent in this place.
 D = Time resting spent in this place.
 E = Time spent auto-exploring this place.
 F = Levels seen in this place.
 G = Mean time per level.
                   A        B        C        D        E       F      G
               +--------+--------+--------+--------+--------+-----+--------+
         Total |   3177 |   3095 |     82 |    271 |   2141 |   5 |  635.4 |
       Dungeon |   2626 |   2544 |     82 |    271 |   1760 |   4 |  656.5 |
         Sewer |    550 |    550 |      0 |      0 |    381 |   1 |  550.0 |
               +--------+--------+--------+--------+--------+-----+--------+

Top non-repeatable levels by time:
     D:2: 905 daAuts
     D:3: 834 daAuts
     D:1: 605 daAuts
   Sewer: 550 daAuts
     D:4: 282 daAuts
